 Dungeon Crawl Stone Soup version 0.24-a0-415-g6d73c25c48 (webtiles) character file.

Game seed: 16781126429156657638

39 MachJacob the Vexing (level 3, -2/35 HPs)
             Began as an Ogre Arcane Marksman on June 8, 2019.
             Slain by an adder (4 damage)
             ... on level 2 of the Dungeon.
             The game lasted 00:05:29 (1606 turns).

MachJacob the Vexing (Ogre Arcane Marksman)         Turns: 1606, Time: 00:05:30

Health: -2/35      AC:  3    Str: 14    XL:     3   Next: 47%
Magic:  4/5        EV: 10    Int: 14    God:
Gold:   80         SH:  0    Dex: 10    Spells: 4/5 levels left

rFire    . . .     SeeInvis .   b - +0 spear
rCold    . . .     Gourm    .   (no shield)
rNeg     . . .     Faith    .   i - +0 robe (curse)
rPois    .         Spirit   .   (helmet restricted)
rElec    .         Reflect  .   (no cloak)
rCorr    .         Harm     .   (gloves unavailable)
MR       .....                  (boots unavailable)
Stlth    +.........             (no amulet)
HPRegen  0.11/turn              (no ring)
MPRegen  0.09/turn              (no ring)

@: lethally poisoned (-2 -> -5)
A: large, unfitting armour, tough skin 1
a: no special abilities


You were on level 2 of the Dungeon.
You were not hungry.

You visited 1 branch of the dungeon, and saw 2 of its levels.

You collected 80 gold pieces.

Inventory:

Hand Weapons
 b - a +0 spear (weapon)
Missiles
 c - 4 large rocks
 d - 2 throwing nets {!f}
 e - 7 boomerangs (quivered)
Armour
 a - a +0 robe
 i - a cursed +0 robe (worn)
Scrolls
 j - 2 scrolls of remove curse {unknown}
 k - a scroll of fog {unknown}
 m - a scroll of amnesia {unknown}
 p - a scroll of enchant weapon {unknown}
 q - a scroll of teleportation {unknown}
Potions
 h - a potion of magic {unknown}
 l - a potion of curing {unknown}
 n - a potion of agility {unknown}
 o - a potion of heal wounds {unknown}
 r - a potion of resistance {unknown}
Comestibles
 f - 3 rations
 g - 11 chunks of flesh


   Skills:
 + Level 2.2 Fighting
 * Level 2.6 Throwing
 + Level 2.1 Dodging
 + Level 1.8 Spellcasting
 - Level 3.0 Hexes


You had 4 spell levels left.
You knew the following spells:

 Your Spells              Type           Power        Failure   Level  Hunger
a - Corona                Hex            #......      7%          1    ##.....

Your spell library contained the following spells:

 Spells                   Type           Power        Failure   Level  Hunger
 Slow                     Hex            #.......     11%         2    ###....
 Inner Flame              Hex/Fire       #.......     36%         3    ####...
 Portal Projectile        Hex/Tloc       #.....       36%         3    ####...
 Cause Fear               Hex            #.........   56%         4    #####..
 Leda's Liquefaction      Hex/Erth       #.........   78%         4    #####..


Dungeon Overview and Level Annotations

Branches:
Dungeon (2/15)

Altars:


Innate Abilities, Weirdness & Mutations

You are too large for most types of armour.
You have tough skin. (AC +1)


Message History

The giant cockroach closely misses you. The adder closely misses you.
The giant cockroach bites you but does no damage.
You closely miss the adder.
The adder is almost dead.
You feel sick. The adder bites you but does no damage.
The giant cockroach bites you but does no damage.
The adder barely misses you.
You completely miss the adder.
The adder is almost dead.
The adder stops glowing.
The giant cockroach bites you.
* * * LOW HITPOINT WARNING * * *
The adder bites you.
* * * LOW HITPOINT WARNING * * *
You closely miss the adder.
The adder is almost dead.
* * * LOW HITPOINT WARNING * * *
You feel sick. The giant cockroach bites you.
* * * LOW HITPOINT WARNING * * *
The adder bites you.
You die...

.....#.....##.#.##.....#
....)#.....<#.#.########
.....#.....÷#.#.........
............#.........#.
.######.#.....#######.#
.######.#...### ##
........÷...#####.###.#.
######..#.>.............
#..#.#.)..S@.# #
#..#.#..#.#s...#
#..###..#.#..#.#
#..).........# #
#.......#.##.#
#####.###.# .# #.....#
.. ####### ##


You could see an adder and a giant cockroach.

Vanquished Creatures
  An adder (D:2)
  An ooze (D:1)
  A leopard gecko (D:1)
  A ball python (D:1)
  2 bats (D:2)
  A giant cockroach (D:1)
  4 goblins (D:1 D:2)
  6 hobgoblins (D:1 D:2)
  3 frilled lizards (D:1)
  A kobold (D:1)
  4 rats (D:1 D:2)
25 creatures vanquished.

Notes
Turn   | Place    | Note
-------+----------+-------------------------------------------
     0 | D:1      | MachJacob the Ogre Arcane Marksman began the quest for the
                  | Orb.
     0 | D:1      | Reached XP level 1. HP: 19/19 MP: 2/2
   179 | D:1      | Reached XP level 2. HP: 28/28 MP: 4/4
  1092 | D:1      | Reached XP level 3. HP: 26/35 MP: 5/5
  1585 | D:2      | Reached skill level 3 in Hexes
  1606 | D:2      | Slain by an adder

Levels and vault maps discovered:
D:1:      lemuel_arrival_behind_the_door_small, layout_basic
D:2:      layout_basic, nicolae_overflow_crystal_walls,
          ashenzari_conservatory_becter

Skill      XL: |  1  2  3 |
---------------+----------+-----
Dodging        | 2 |  2.1
Fighting       | 2 |  2.2
Hexes          | 3 |  3.0
Throwing       | |  2.6
Spellcasting   | |  1.8

Action                   || total
-------------------------++-------
Melee: Spear             ||    93
Throw: Boomerang         ||    16
 Cast: Corona            ||     1
 Stab: Sleeping          ||     1
  Eat: Chunk             ||     2
Armor: Robe              ||    26
Dodge: Dodged            ||    62

Table legend:
 A = Non-vault XP
 B = Vault XP
 C = Vault XP percentage of total XP
 D = Non-vault monster count
 E = Vault monster count
 F = Vault count percentage of total count
                 A         B        C        D         E       F
            +---------+---------+-------+---------+---------+-------
      Total |      57 |       0 |   0.0 |      25 |       0 |   0.0
            +---------+---------+-------+---------+---------+-------
        D:1 |      34 |       0 |   0.0 |      17 |       0 |   0.0
        D:2 |      23 |       0 |   0.0 |       8 |       0 |   0.0
            +---------+---------+-------+---------+---------+-------
